Cogmind - Beta 9 @@@ ROGUE MODE // 2019.10.21 @ 20:23:22 Player: Enzo Result: Destroyed by G-34 Mercenary with Small Laser Performance ------------- Evolutions (1) 500 Regions Visited (2) 400 Robots Destroyed (20) 100 Value Destroyed (285) 285 Prototype IDs (2) 40 Alien Tech Used (0) 0 Bonus (0) 0 TOTAL SCORE: 1325 Bonus ------- None Cogmind --------- Core Integrity 0/400 Matter 257/300 Energy 99/100 System Corruption 0% Temperature Cool (6) Location -9/Materials Parts ------- Power (1) Propulsion (2) Utility (4) Weapon (2) Inventory (4) Compact Wheel Seismic Analyzer ECM Suite Datajack Peak State ------------ Power Light Ion Engine Propulsion Compact Wheel Compact Wheel Utility Medium Storage Unit Signal Interpreter Light Armor Plating Weapon Particle Cannon Light Assault Rifle Inventory Compact Wheel Seismic Analyzer ECM Suite Grenade Launcher Datajack [Rating: 9] Favorites ----------- Power Light Ion Engine Engine Light Ion Engine Propulsion Compact Wheel Wheel Compact Wheel Utility Medium Storage Unit Storage Medium Storage Unit Processor Signal Interpreter Protection Light Armor Plating Weapon Particle Cannon Energy Gun EM Pulse Gun Energy Cannon Particle Cannon Ballistic Gun Assault Rifle Launcher Grenade Launcher Special Weapon Plasma Cutter Impact Weapon Heavy Hammer Special Melee Weapon Datajack Build | -11 -10 -9 ------- Run | Scr Mat Mat Slots Evolved 2 | . . 2 Power . | . . . Propulsion . | . . . Utility 2 | . . 2 Weapon . | . . . Parts Attached 21 | 6 11 4 Power 2 | 1 1 . Engine 2 | 1 1 . Core . | . . . Reactor . | . . . Propulsion 4 | 2 2 . Treads . | . . . Leg . | . . . Wheel 4 | 2 2 . Hover . | . . . Flight . | . . . Utility 5 | 1 3 1 Device . | . . . Storage 2 | 1 1 . Processor 1 | . 1 . Hackware . | . . . Protection 2 | . 1 1 Artifact . | . . . Weapon 10 | 2 5 3 Energy Gun 1 | 1 . . Energy Cannon 2 | . 2 . Ballistic Gun 3 | 1 2 . Ballistic Cannon . | . . . Launcher 1 | . . 1 Special Weapon 1 | . . 1 Impact Weapon 1 | . . 1 Slashing Weapon . | . . . Piercing Weapon . | . . . Special Melee Weapon 1 | . 1 . Unidentified Prototypes . | . . . Parts Lost 15 | . 5 10 Power 2 | . 1 1 Propulsion 2 | . . 2 Utility 3 | . 1 2 Weapon 8 | . 3 5 Highest Loss Streak 10 | . 2 10 Average Slot Usage (%) 86 | . 94 55 Engine 11 | . 12 6 Wheel 25 | . 28 15 Storage 13 | . 14 9 Processor 7 | . 7 4 Protection 4 | . 3 5 Energy Gun 2 | . 2 . Energy Cannon 9 | . 10 4 Ballistic Gun 10 | . 12 5 Naked Turns 5 | . . 5 Heaviest Build 19 | 11 17 19 Greatest Support 32 | 26 32 32 Greatest Overweight (x) 2 | . . 2 Average Overweight (x) . | . . . Largest Inventory Capacity 8 | 6 8 8 Average Capacity 7 | 4 7 7 Most Carried 6 | . 6 5 Average Carried 2 | . 1 4 Final Capacity 4 | . . 4 Final Carried 4 | . . 4 Class Distribution -------------------- 82% | Mutant 17% | Scavenger-Mutant Dominant Class ---------------- Mutant | -10/Materials Mutant | -9/Materials Resources | -11 -10 -9 ----------- Run | Scr Mat Mat Matter Collected 491 | 260 199 32 Remotely . | . . . Salvage Created 463 | . 372 91 Parts 35 | . 26 9 Haulers Intercepted 2 | . 1 1 Recyclers Shooed 1 | . 1 . Parts Field Recycled . | . . . Retrieved Matter . | . . . Parts Self-Destructed . | . . . Prevented . | . . . Kills | -11 -10 -9 ------- Run | Scr Mat Mat Combat Hostiles Destroyed 13 | . 11 2 Guns 6 | . 6 . Cannons 5 | . 5 . AOE 2 | . . 2 Classes Destroyed 9 | . 7 2 Worker 1 | . 1 . Builder 1 | . . 1 Hauler 2 | . 1 1 Recycler 1 | . 1 . Operator 1 | . 1 . Watcher 1 | . 1 . Swarmer 9 | . 9 . Grunt 3 | . 2 1 Sentry 1 | . . 1 Best Kill Streak 4 | . 4 3 Combat Bots Only 3 | . 3 2 Max Kills in Single Turn 2 | . 1 2 Gunslinging . | . . . Exploded 2 | . . 2 Melee . | . . . Uniques/NPCs Destroyed . | . . . Combat | -11 -10 -9 -------- Run | Scr Mat Mat Damage Taken 1460 | . 514 946 Core 475 | . 73 402 Absorbed by Shields . | . . . Core Remaining (%) 85 | 100 70 . Volleys Fired 63 | . 49 14 Largest 2 | . 2 2 Hottest 88 | . 88 88 Shots Fired 107 | . 87 20 Gun 53 | . 46 7 Cannon 45 | . 41 4 Launcher 8 | . . 8 Special 1 | . . 1 Kinetic 51 | . 44 7 Thermal 46 | . 41 5 Explosive 8 | . . 8 Electromagnetic 2 | . 2 . Robot Hit Streak 13 | . 9 13 Robot Miss Streak 5 | . 5 2 Penetration Max . | . . . Secondary Targets . | . . . Shots Hit Robots 70 | . 51 19 Core Hits 32 | . 20 12 Critical Hits . | . . . Critical Kills . | . . . Critical Parts Destroyed . | . . . Melee Attacks 6 | . . 6 Impact 6 | . . 6 Slashing . | . . . Piercing . | . . . Sneak Attacks . | . . . Combat Hostiles . | . . . Follow-up Attacks . | . . . Damage Inflicted 1475 | . 835 640 Guns 388 | . 340 48 Cannons 578 | . 495 83 Explosions 465 | . . 465 Melee 42 | . . 42 Ramming 2 | . . 2 Kinetic 375 | . 327 48 Thermal 578 | . 495 83 Explosive 465 | . . 465 Electromagnetic 13 | . 13 . Impact 42 | . . 42 Slashing . | . . . Piercing . | . . . Highest Corruption . | . . . Average Corruption . | . . . Corruption Purged . | . . . Overload Shots . | . . . Overflow Damage 37 | . 17 20 Projectiles 17 | . 17 . Explosions 20 | . . 20 Melee . | . . . Knockbacks . | . . . Impact . | . . . Kinetic . | . . . Secondary . | . . . Self-Inflicted Damage 85 | . . 85 Shots 7 | . . 7 Rammed 2 | . . 2 Targets Rammed 2 | . . 2 Kicked . | . . . Crushed . | . . . Highest Temperature 255 | . 255 94 Average Temperature 89 | . 99 36 Received Heat Transfer 336 | . 18 318 Siege Activations . | . . . Robots Corrupted . | . . . Combat Hostiles . | . . . Parts Fried . | . . . Impact Corruptions . | . . . Robots Melted . | . . . Combat Hostiles . | . . . Parts Melted 1 | . 1 . Heat Transferred 999 | . 851 148 Parts Sabotaged . | . . . Parts Stolen . | . . . Parts Stripped . | . . . Power Chain Reactions . | . . . Missiles Intercepted . | . . . Alert | -11 -10 -9 ------- Run | Scr Mat Mat Peak Influence 206 | . 206 92 Average Influence 80 | . 91 61 Maximum Alert Level 1 | . 1 . Low Security (%) 99 | . . . Level 1 . | . . . Level 2 . | . . . Level 3 . | . . . Level 4 . | . . . Level 5 . | . . . High Security . | . . . Max Security . | . . . Squads Dispatched 2 | . 1 1 Investigation . | . . . Extermination . | . . . Reinforcement 2 | . 1 1 Assault . | . . . Garrison . | . . . Intercept . | . . . Construction Impeded 1 | . . 1 Haulers Reinforced . | . . . Stealth | -11 -10 -9 --------- Run | Scr Mat Mat Distress Signals . | . . . Communications Jammed . | . . . Distress Signals . | . . . Times Spotted 24 | . 14 10 Peak Tracking Total 7 | . 3 7 Tactical Retreats 1 | . . 1 Traps | -11 -10 -9 ------- Run | Scr Mat Mat Traps Triggered . | . . . Indirectly . | . . . Trap Hack Attempts 11 | . 11 . Triggered 1 | . 1 . Disarmed . | . . . Reprogrammed 1 | . 1 . Reused . | . . . Traps Extracted . | . . . Installed . | . . . Triggered . | . . . Machines | -11 -10 -9 ---------- Run | Scr Mat Mat Machines Disabled 1 | . 1 . Max in Single Turn 1 | . 1 . Machines Sabotaged . | . . . Garrisons Compromised . | . . . Overloaded Fab Kills . | . . . Fab Network Shutdowns . | . . . Hacking | -11 -10 -9 --------- Run | Scr Mat Mat Machines Accessed 6 | . 5 1 Terminals 5 | . 4 1 Fabricators . | . . . Repair Stations . | . . . Recycling Units 1 | . 1 . Scanalyzers . | . . . Garrison Access . | . . . Total Hacks 18 | . 16 2 Successful 10 | . 10 . Failed 8 | . 6 2 Catastrophic 1 | . 1 . Database Lockouts . | . . . Manual 12 | . 10 2 Terminals 15 | . 13 2 Fabricators . | . . . Repair Stations . | . . . Recycling Units 3 | . 3 . Scanalyzers . | . . . Garrison Access . | . . . Terminal Hacks 5 | . 5 . Robot Analysis 2 | . 2 . Prototype ID Bank 1 | . 1 . Terminal Index 1 | . 1 . Locate Traps 1 | . 1 . Fabricator Hacks . | . . . Repair Station Hacks . | . . . Recycling Unit Hacks 2 | . 2 . Report Inventory 1 | . 1 . Retrieve Components 1 | . 1 . Scanalyzer . | . . . Garrison Access Hacks . | . . . Unauthorized Hacks 11 | . 9 2 Terminals 3 | . 3 . Botnet 3 | . 3 . Fabricators . | . . . Repair Stations . | . . . Recycling Units . | . . . Scanalyzers . | . . . Garrison Access . | . . . Data Cores Recovered . | . . . Used . | . . . Hacking Detections 5 | . 4 1 Full Trace Events . | . . . Feedback Events . | . . . Feedback Blocked . | . . . Robot Schematics Acquired . | . . . Robots Built . | . . . Matter . | . . . Time . | . . . Total Robot Build Rating . | . . . Part Schematics Acquired . | . . . Parts Built . | . . . Matter . | . . . Time . | . . . Total Part Build Rating . | . . . Parts Repaired . | . . . Time . | . . . Parts Recycled . | . . . Recycled Matter . | . . . Retrieved Matter . | . . . Retrieved Components 9 | . 9 . Parts Scanalyzed . | . . . Part Schematics Acquired . | . . . Parts Damaged . | . . . Bothacking | -11 -10 -9 ------------ Run | Scr Mat Mat Used RIF Installer . | . . . Robots Hacked . | . . . Non-combat . | . . . Combat . | . . . Robot Hacks Applied . | . . . Relay Couplers Released . | . . . Robots Rewired . | . . . Allies Hacked . | . . . Hacks Repelled . | . . . Allies | -11 -10 -9 -------- Run | Scr Mat Mat Total Allies . | . . . Largest Group . | . . . Highest-Rated Group . | . . . Highest-Rated Ally . | . . . Total Orders . | . . . Ally Attacks . | . . . Total Damage . | . . . Kills . | . . . Allies Corrupted . | . . . Allies Melted . | . . . Intel | -11 -10 -9 ------- Run | Scr Mat Mat Robot Analysis Total 2 | . 2 . Derelict Logs Recovered . | . . . Drone Launches . | . . . Drone Recoveries . | . . . Exploration | -11 -10 -9 ------------- Run | Scr Mat Mat Turns Passed 894 | 55 678 161 Spaces Moved 650 | 51 513 86 Core 20 | 7 . 13 Treads . | . . . Legs . | . . . Wheels 630 | 44 513 73 Hover . | . . . Flight . | . . . Fastest Speed 50 | 50 90 50 Average Speed 91 | 85 91 95 Slowest Speed 150 | 100 100 150 Overloaded Moves . | . . . Propulsion Burnouts . | . . . Robots Hopped . | . . . Cave-ins Triggered . | . . . Exploration Rate (%) 25 | 3 61 13 Regions Visited 2 Branch Regions . Pre-discovered Areas . | . . . Known Exits Taken 1 | . 1 . Unknown Exits Taken 1 | 1 . . Scrap Searched . | . . . Spaces Dug . | . . . Terrain Destroyed 50 | . . 50 Melee . | . . . Projectile . | . . . AOE 50 | . . 50 Actions | -11 -10 -9 --------- Run | Scr Mat Mat Total 825 | 59 634 132 Wait 60 | 3 38 19 Move 648 | 50 512 86 Hop . | . . . Pick Up 9 | . 9 . Fast Attach 14 | 6 6 2 Attach 5 | . 3 2 Detach . | . . . Swap 2 | . 2 . Drop 5 | . 4 1 Fire 63 | . 49 14 Melee 6 | . . 6 Ram 2 | . . 2 Kick . | . . . Crush . | . . . Escape Stasis . | . . . Rewire . | . . . Trap 11 | . 11 . Miscellaneous . | . . . Route ------- -11/Scrapyard -10/Materials (discovered 2 exits: *Mat / *Min) -9/Materials History --------- Turn | Location | Event 5 | -11/Scrapyard | Discovered new exit (range 15) 56 | -11/Scrapyard | Entered Materials 120 | -10/Materials | Discovered new exit (range 14) 252 | -10/Materials | Discovered new exit (range 16) 306 | -10/Materials | Build established: Mutant 420 | -10/Materials | Identified exit to Materials 570 | -10/Materials | Identified exit to Mines 734 | -10/Materials | Entered another Materials area 734 | -9/Materials | Evolved 2 slots: Utility x2 876 | -9/Materials | Core integrity fell below 50% 890 | -9/Materials | Core integrity fell below 20% 895 | -9/Materials | Destroyed by G-34 Mercenary with Small Laser Last Messages --------------- 00830_ The unstable cave ceiling collapses. 00833_ Lgt. Ion Engine destroyed. 00834_ U-05 Engineer lays Concrete. 00834_ R-06 Scavenger collects Lgt. Treads. 00836_ U-05 Engineer builds a Wall. 00836_ Plasma Cutter destroyed. 00837_ U-05 Engineer lays Concrete. 00838_ U-05 Engineer builds a Wall. 00838_ R-06 Scavenger collects Plasma Cutter. 00839_ The unstable cave ceiling collapses. 00841_ Slammed into W-16 Scout. 00842_ The unstable cave ceiling collapses. 00842_ Slammed into W-16 Scout. 00842_ U-05 Engineer lays Concrete. 00842_ U-05 Engineer builds a Wall. 00851_ K-01 Serf collects debris. 00865_ Com. Wheel destroyed. 00870_ Dropped Med. Storage Unit. 00873_ Acquired Hvy. Hammer. 00893_ Hvy. Hammer destroyed. Map ----- +----------------------------------------------------+ | ?????????????????????????????????????????????????? | | ?????????????????????????????????????????????????? | | ?????????????????????????????????????????????????? | | ?????????????????????????????????????????????????? | | ?????????????????????????????????????????????????? | | ?????????????????????????????????????????????????? | | ?????????????????????????????????????????????????? | | ?????????????????????????????????????????????????? | | ?????????????????????????????????????????????????? | | ?????????????????????????????????????????????????? | | ?????????????????????????????????????????????????? | | ?????????????????????????????????????????????????? | | ?????????????????????????????????????????????????? | | ?????????????????????????????????????????????????? | | ?????????????????????????????????????????????????? | | ?????????????????????????????????????????????????? | | ?????????????????????????????????????????????????? | | ?????????????????????????????????????????????????? | | ?????????????????????????????????????????????????? | | ?????????????????????????????????????????????????? | | ????????????????????????###??????????????????????? | | ??????????????????????###Y##########?????????????? | | ??????????????????????# #?????????????? | | ??????????????????????# """ #?????????????? | | ??????????????????????# """ ??????????????? | | ?????????????????###### @ """ #?????????????? | | ??????????#??????# # g= #?????????????? | | ??????????# ?????# #g== """ #?????????????? | | ??????????# ????# /Y """ #?????????????? | | ??????????# ????# !# """ #?????????????? | | ??????????# ???# # ??????????????? | | ??????????# ??# r # #?????????????? | | ????? ### ### # #?????????????? | | ???? # "T" #?????????????? | | ???? ####+#########?????????????? | | ???? #??????????????????????????? | | ???? #??????????????????????????? | | ??????############+#####?????????????????????????? | | ??????????????# #?????????????????????????? | | ??????????????# #?????????????????????????? | | ??????????????# #?????????????????????????? | | ??????????????# #?????????????????????????? | | ??????????????# #?????????????????????????? | | ??????????????# #?????????????????????????? | | ??????????????# #?????????????????????????? | | ??????????????# #?????????????????????????? | | ??????????????# #?????????????????????????? | | ????????##?#########/###???#?????????????????????? | | ??????### ## ##???# ##### #?????????????????????? | | ??????# # #???# #?????????????????????? | +----------------------------------------------------+ Best States ------------- Heat Dissipation 28 Energy Generation 10 Energy Capacity 125 Matter Stores 300 Matter Capacity 300 Sight Range 16 Terrain Scan Density 10 Armor Coverage 150 Evasion (%) 42 Item Schematics ----------------- None Robot Schematics ------------------ None Fabricated ------------ Nothing Alien Tech Used ----------------- None Achievements -------------- None Challenges ------------ None Game ------ Seed AlphaShrapnelSource Manual? 0 Play Time 00:12:44 Cumulative 8.8 hours Start 2019.10.21 @ 20:12:17 End 2019.10.21 @ 20:23:22 Sessions 1 Manual Loads 0 Difficulty Rogue Special Mode None Game No. 18 Rogue 18 Adventurer 0 Explorer 0 Win Type - Total 0 Types 0/0/0/0/0/0/0 Lore% 29 Gallery% 23 Achievement% 22 Wizard Run 0 Options --------- ASCII 0 Keyboard 0 Movement Numpad Keybinds 0 Fullscreen 2 Font 24/Smallcaps Map View 76x50 Tactical HUD 1 Map Filters NONE Filters NONE Steam 1 RUN: 3fb1cd90-1ac2-4679-8c57-5452cafa8731